 Dungeon Crawl Stone Soup version 0.29.0-13-gc9e81de378 (webtiles) character file.

Game seed: 8610171923135494759

49 SnakkuSnakku7 the Shooter (level 4, -1/33 HPs)
             Began as a Djinni Hunter on Sept 10, 2022.
             Slain by an iguana (10 damage)
             ... on level 2 of the Dungeon.
             The game lasted 00:01:32 (988 turns).

SnakkuSnakku7 the Shooter (Djinni Hunter)            Turns: 988, Time: 00:01:33

Health: -1/33      AC:  4    Str: 10    XL:     4   Next: 2%
Gold:   8          EV: 12    Int: 10    God:
                   SH:  0    Dex: 19

rFire   + + .      SeeInvis .   a - +0 shortbow
rCold   x . .      Faith    .   (shield currently unavailable)
rNeg    . . .      Spirit   .   c - +0 leather armour
rPois   ∞          Reflect  .   (no helmet)
rElec   .          Harm     .   (no cloak)
rCorr   .          Rampage  .   d - +0 pair of gloves
Will    .....                   (boots unavailable)
Stlth   ++........              (no amulet)
HPRegen 0.11/turn               (no ring)
MPRegen 0.00/turn               (no ring)

@: flying
A: sickness immunity, fire resistance 2, cold vulnerability 1, float, innate
caster, HP casting, extra vitality 1
a: no special abilities


You were on level 2 of the Dungeon.
You visited 1 branch of the dungeon, and saw 2 of its levels.

You collected 89 gold pieces.
You spent 81 gold pieces at shops.

Inventory:

Hand Weapons
 a - a +0 shortbow (weapon)
Armour
 c - a +0 leather armour (worn)
 d - a +0 pair of gloves (worn)
Scrolls
 b - a scroll of immolation
 g - a scroll of amnesia {unknown}
 h - 2 scrolls of identify {unknown}
 i - a scroll of vulnerability {unknown}
Potions
 e - 2 potions of flight {unknown}
 f - a potion of heal wounds {unknown}
 j - a potion of attraction {unknown}
 k - a potion of curing {unknown}


   Skills:
 - Level 2.0 Fighting
 + Level 4.4 Ranged Weapons
 - Level 2.1 Dodging
 - Level 0.7 Stealth


You had 2 spell levels left.
You knew the following spells:

 Your Spells              Type           Power      Damage    Failure   Level
a - Beastly Appendage     Tmut           0%         N/A       45%         1
Your spell library was empty.

Dungeon Overview and Level Annotations

Branches:
Dungeon (2/15)

Altars:

Shops:
D:2 *[


Innate Abilities, Weirdness & Mutations

You are immune to sickness and miasma.
You are immune to poison.
Your flesh is very heat resistant. (rF++)
You are vulnerable to cold. (rC-)
You float through the air rather than walking.
You learn spells naturally, not from books.
Your magical power is your life essence.
You have superior vitality. (+4 MHP)


Message History

You can access your shopping list by pressing '$'.
Found a stone staircase leading down.
An iguana comes into view.
The iguana hisses angrily.
You shoot an arrow. The arrow barely misses the iguana.
You shoot an arrow. The arrow hits the iguana.
The iguana is lightly wounded.
You shoot an arrow.
The arrow hits the iguana but does no damage.
The iguana is lightly wounded.
You shoot an arrow. The arrow hits the iguana.
The iguana is lightly wounded.
The iguana completely misses you.
You shoot an arrow. The arrow hits the iguana.
The iguana is moderately wounded.
The iguana bites you.
You shoot an arrow. The arrow barely misses the iguana.
The iguana bites you!
You shoot an arrow. The arrow hits the iguana.
The iguana is heavily wounded.
The iguana bites you.
The iguana bites you but does no damage.
You are too injured to fight recklessly!
You are too injured to fight recklessly!
You are too injured to fight recklessly!
You are too injured to fight recklessly!
You are too injured to fight recklessly!
Fire: a) +0 shortbow
Press: ? - help, Q - select action, (/) - cycle Shift-Dir - straight line, f/p - iguana
Aim: an iguana (heavily wounded, 68% to hit)
You shoot an arrow. The arrow hits the iguana.
The iguana is heavily wounded.
The iguana bites you!
* * * LOW HITPOINT WARNING * * *
Fire: a) +0 shortbow
Press: ? - help, Q - select action, (/) - cycle Shift-Dir - straight line, f/p - iguana
Aim: an iguana (heavily wounded, 68% to hit)
You shoot an arrow. The arrow hits the iguana.
The iguana is severely wounded.
The iguana bites you!
You die...

#...#...#≈#
.#.#.#.#≈≈#
♣.#...#≈≈##
.#.#.#≈≈##
#...#≈≈##
.#.#≈≈## ..#≈≈##
######### ≈≈≈≈##
......l.# #####
#@# ### #.#
#.######.## #.#
#....>..#.####.#
######.###.....#
##.#.###..#
##.## #..# ###
#..# ### #.∩#


You could see an iguana.

Vanquished Creatures
  2 adders (D:2)
  A worm (D:2)
  A dart slug (D:1)
  4 ball pythons
  2 endoplasms (D:1)
  A giant cockroach (D:1)
  4 goblins
  2 hobgoblins (D:1)
  A quokka (D:1)
  2 bats (D:1)
  A frilled lizard (D:2)
  A kobold (D:2)
  3 rats
25 creatures vanquished.

Notes
Turn   | Place    | Note
-------+----------+-------------------------------------------
     0 | D:1      | SnakkuSnakku7 the Djinni Hunter began the quest for the
                  | Orb.
     0 | D:1      | Reached XP level 1. HP: 18/18 MP: 0/0
   149 | D:1      | Reached XP level 2. HP: 23/23 MP: 0/0
   565 | D:2      | Found Donuluh's Assorted Antiques.
   571 | D:2      | Reached XP level 3. HP: 28/28 MP: 0/0
   571 | D:2      | Learned a level 1 spell: Beastly Appendage
   572 | D:2      | Reached skill level 4 in Ranged Weapons
   575 | D:2      | Bought a white potion for 26 gold pieces
   575 | D:2      | Bought a scroll labelled MAHAZXO ODUMM for 29 gold pieces
   575 | D:2      | Bought a golden potion for 26 gold pieces
   795 | D:2      | Reached XP level 4. HP: 33/33 MP: 0/0
   949 | D:2      | Found Woegg's Antique Armour Shoppe.
   988 | D:2      | Slain by an iguana

Illustrated notes

Levels and vault maps discovered:
D:1:      amcnicky_arrival_gap_in_the_tavern_cellar, layout_basic,
          minmay_tripent
D:2:      layout_loops_ring, serial_shops, shop, shop,
          nicolae_shop_temple_entry_statues_fountains,
          kennysheep_cluttered_room, minivault_25, kennysheep_potato

Skill      XL: |  1  2  3 |
---------------+----------+-----
Ranged Weapons | 4 |  4.4
Fighting       | |  2.0
Dodging        | |  2.1
Stealth        | |  0.7

Action                   |  1- 3 |  4- 6 || total
-------------------------+-------+-------++-------
 Fire: Shortbow          |    52 |    14 ||    66
Armor: Leather armour    |     1 |     1 ||     2
Dodge: Dodged            |     8 |     1 ||     9
